 Dungeon Crawl Stone Soup version 0.32-a0-791-gfc315c9ecd (webtiles) character file.

Game seed: 15284107510141384236

16881 Xavori the Nimble (level 12, -1/88 HPs)
             Began as a Djinni Chaos Knight on Mar 21, 2024.
             Was a Plaything of Xom.
             Engulfed by an ice statue's freezing vapour (14 damage)
             ... in an ice cave.
             The game lasted 00:21:13 (18216 turns).

Xavori the Nimble (Djinni Chaos Knight)            Turns: 18216, Time: 00:21:13

Health: -1/88      AC: 12    Str: 19    XL:     12   Next: 75%
Gold:   392        EV: 15    Int: 18    God:    Xom [...*..] SH:  9 Dex: 16

rFire   + + +        a - +0 falchion (flame)
rCold   x . .        F - +0 buckler
rNeg    . . .        C - +0 acid dragon scales
rPois   ∞            (helmet restricted)
rElec   +            u - +1 cloak
rCorr   +            (no gloves)
SInv    .            (boots unavailable)
Will    +....        o - amulet "Zaliyc" {Reflect Harm rElec rCorr SH+5}
Stlth   +            r - +6 ring of intelligence
HPRegen 1.14/turn    k - +4 ring of slaying
MPRegen 0.00/turn

%: harm (+30% outgoing, +20% incoming), reflection, infuse magic (-2 HP)
@: flying
A: sickness immunity, fire resistance 3, cold vulnerability 1, float, innate
caster, HP casting, extra vitality 1, horns 2, iridescent scales 1, regeneration
1, strong 2, persistent drain
a: Renounce Religion


You were in an ice cave.
You worshipped Xom.
You were a favourite toy of Xom.
You visited 1 branch of the dungeon, and saw 13 of its levels.
You also visited: Ice Cave.

You collected 518 gold pieces.
You spent 126 gold pieces at shops.

Inventory:

Hand Weapons
 a - a +0 falchion of flaming (weapon)
Armour
 b - a +2 leather armour
 u - a +1 cloak (worn)
 A - +0 steam dragon scales
 C - +0 acid dragon scales (worn)
 F - a +0 buckler (worn)
Jewellery
 k - a +4 ring of slaying (right hand)
 o - the amulet "Zaliyc" (around neck) {Reflect Harm rElec rCorr SH+5}
   (Xom gifted it to you on level 8 of the Dungeon)

   [amulet of reflection]

   Reflect:   It reflects blocked missile attacks.
   rElec:     It insulates you from electricity.
   rCorr:     It protects you from acid and corrosion.
   SH+5:      It affects your SH (+5).
   Harm:      It increases damage dealt and taken.
 r - a +6 ring of intelligence (left hand)
Wands
 x - a wand of roots (16)
 z - a wand of polymorph (6)
 D - a wand of flame (39)
 H - a wand of charming (4)
Scrolls
 c - 3 scrolls of butterflies
 e - 2 scrolls of poison
 f - 5 scrolls of teleportation
 i - a scroll of fog
 n - 4 scrolls of immolation
 p - 2 scrolls of blinking
 w - a scroll of torment
 y - a scroll of fear
Potions
 d - 2 potions of haste {unknown}
 g - 2 potions of cancellation {unknown}
 h - a potion of might {unknown}
 j - 3 potions of heal wounds
 l - a potion of brilliance {unknown}
 q - a potion of magic {unknown}
 s - a potion of attraction {unknown}
 t - 3 potions of curing {unknown}
 v - 2 potions of lignification
 B - a potion of invisibility {unknown}
 E - 2 potions of mutation
 I - a potion of ambrosia {unknown}
Miscellaneous
 G - a box of beasts


   Skills:
 + Level 8.6 Fighting
 + Level 7.9 Long Blades
 + Level 8.1 Armour
 + Level 9.1 Dodging
 * Level 8.8 Spellcasting
 * Level 8.8 Conjurations
 * Level 8.8 Hexes
 * Level 8.8 Summonings
 * Level 8.8 Necromancy
 * Level 8.8 Translocations
 * Level 8.8 Fire Magic
 * Level 8.8 Ice Magic
 * Level 8.8 Air Magic
 * Level 8.8 Earth Magic
 * Level 8.8 Alchemy
 + Level 4.4 Evocations


You knew the following spells:

 Your Spells              Type           Power      Damage    Failure   Level
a - Shock                 Conj/Air       100%       1d9       1%          1
b - Jinxbite              Hex            78%        N/A       1%          2
c - Volatile Blastmotes   Fire/Tloc      78%        2d16      1%          3
d - Hailstorm             Conj/Ice       39%        3d9       1%          3
e - Iskenderun's Mystic   Conj/Tloc      39%        2d9       3%          4
Your spell library was empty.

Dungeon Overview and Level Annotations

Branches:
Dungeon (13/15)            Temple (0/1) D:4            Lair (0/5) D:10
  IceCv (1/1)
    Orc: D:9-12      Vaults: D:13-14

Altars:
Ashenzari
Cheibriados
Dithmenos
Fedhas
Gozag
Okawaru
Qazlal
Ru
Uskayaw
Xom
Zin

Shops:
D:4 ??[

Annotations:
D:5 exclusion: oklob plant
D:11 Snorg IceCv exclusion: 2 ice statues


Innate Abilities, Weirdness & Mutations

You are immune to sickness and miasma.
You are immune to poison.
Your flesh is almost immune to the effects of heat. (rF+++)
You are vulnerable to cold. (rC-)
You float through the air rather than walking.
You learn spells naturally, not from books.
Your magical power is your life essence.
You have superior vitality. (+4 MHP)
You have a pair of horns on your head.
You are partially covered in iridescent scales. (AC +2)
Your natural rate of healing is unusually fast.
Your muscles are very strong. (Str +8, Int/Dex -2)
Your health recovers twice as slowly from being drained.


Message History

2 ice statues come into view.
The ice statue gestures at you. The bolt of cold misses you.
Marking area around 2 ice statues as unsafe for travelling.
Okay, then.
As you read the scroll of identify, it crumbles to dust.
v - 2 potions of lignification
As you read the scroll of identify, it crumbles to dust.
E - 2 potions of mutation You hit the ice statue.
You melt the ice statue.
You headbutt the ice statue, but do no damage.
The ice statue is lightly damaged.
You hit the ice statue but do no damage.
The ice statue is lightly damaged.
You hit the ice statue.
You melt the ice statue.
The ice statue is moderately damaged.
The ice statue gestures at you. x2
The freezing blast engulfs you but does no damage.
You are engulfed in freezing vapours.
You are engulfed in freezing vapours.
You start resting.
HP restored.
You hit the ice statue but do no damage.
You headbutt the ice statue!
The ice statue is moderately damaged.
You hit the ice statue but do no damage.
You headbutt the ice statue, but do no damage.
The ice statue is moderately damaged.
You hit the ice statue but do no damage.
You headbutt the ice statue.
The ice statue is moderately damaged.
You hit the ice statue.
You melt the ice statue.
The ice statue is heavily damaged.
The ice statue gestures at you. The freezing blast engulfs you!!
You feel a terrible chill!
You are engulfed in freezing vapours.
* * * LOW HITPOINT WARNING * * *
You are engulfed in freezing vapours.
You die...
Xom yawns loudly!

##...#####
##........## #
#..........## .#
##..........#...
#.......☼.......
#.....○☼○....#
#.....○☼☼..#
#I#...○#I###
##.@#### ##..#
##..## #..##
#...## ##...##
##...# ##...#
#...##


There were no monsters in sight!

Vanquished Creatures
  2 hydras (D:10)
  A boulder beetle (D:10)
  2 tengu warriors (D:10)
  An orc knight (D:10)
  A deep elf pyromancer (D:10)
  Pikel (D:9)
  An ugly thing (D:11)
  2 manticores
  3 cyclopes
  An orange demon (D:8)
  A tengu conjurer (D:10)
  An ice devil (IceCv)
  3 trolls
  Prince Ribbit (D:5)
  A hornet (D:10)
  A slime creature (D:11)
  A shadow (D:8)
  Sigmund (D:2)
  17 yaks
  2 wraiths
  3 wyverns
  A vampire (D:9)
  A redback (D:10)
  A warg (D:8)
  2 acid dragons
  2 water moccasins
  An orc warrior (D:7)
  3 sky beasts
  2 black bears (D:10)
  2 ogres
  A phantom (D:6)
  4 centaurs
  A lemure (D:9)
  6 bullfrogs
  2 gnoll sergeants
  5 kobold brigands
  3 scorpions
  3 water moccasin zombies (D:6)
  4 wights (D:7)
  A killer bee (D:5)
  An elephant simulacrum (IceCv)
  A howler monkey (D:10)
  A centaur zombie (D:6)
  4 hounds
  2 orc priests (D:7)
  9 orc wizards
  3 iguanas
  A spriggan simulacrum (IceCv)
  2 troll simulacra (IceCv)
  A killer bee zombie (D:6)
  Robin (D:2)
  12 gnolls
  13 adders
  2 naga simulacra (IceCv)
  3 white imps
  An ufetubus (IceCv)
  3 dart slugs (D:4)
  A ribbon worm (D:4)
  20 orcs
  8 ball pythons
  5 bats
  7 endoplasms
  4 giant cockroaches
  14 goblins
  11 hobgoblins
  2 quokkas (D:2)
  3 frilled lizards
  31 kobolds
  4 rats
262 creatures vanquished.

Vanquished Creatures (collateral kills)
  Maggie (D:8)
  A black bear (D:8)
  An ogre (D:5)
  An electric eel (D:8)
  A hound (D:5)
  2 orcs
  A quokka (D:5)
8 creatures vanquished.

Vanquished Creatures (others)
  A deep elf pyromancer (D:10)
  An orc wizard (D:7)
2 creatures vanquished.

Grand Total: 272 creatures vanquished

Notes
Turn   | Place    | Note
-------+----------+-------------------------------------------
     0 | D:1      | Xavori the Djinni Chaos Knight began the quest for the Orb.
     0 | D:1      | Reached XP level 1. HP: 20/20 MP: 0/0
   226 | D:1      | Reached XP level 2. HP: 25/25 MP: 0/0
   554 | D:2      | Reached skill level 1 in Spellcasting
   554 | D:2      | Reached skill level 1 in Conjurations
   554 | D:2      | Reached skill level 1 in Hexes
   554 | D:2      | Reached skill level 1 in Summonings
   554 | D:2      | Reached skill level 1 in Necromancy
   554 | D:2      | Reached skill level 1 in Translocations
   554 | D:2      | Reached skill level 1 in Fire Magic
   554 | D:2      | Reached skill level 1 in Ice Magic
   554 | D:2      | Reached skill level 1 in Air Magic
   554 | D:2      | Reached skill level 1 in Earth Magic
   554 | D:2      | Reached skill level 1 in Alchemy
   554 | D:2      | Reached XP level 3. HP: 25/30 MP: 0/0
   554 | D:2      | Learned a level 1 spell: Shock
  1226 | D:1      | XOM: cloud trail
  2281 | D:1      | XOM: noise
  2913 | D:1      | XOM: silly message
  3655 | D:1      | XOM is BORED!
  3655 | D:1      | XOM: noise
  3973 | D:1      | XOM: noise
  3975 | D:1      | XOM: silly message
  4972 | D:1      | XOM: god gift: scroll labelled JEHUMAH OPEPEU {god gift}
  5230 | D:1      | XOM: stat loss: -1 Dex (13/14)
  5299 | D:1      | XOM: give mutations
  5299 | D:1      | Gained mutation: Your flesh is almost immune to the effects
                  | of heat. (rF+++) [Xom's mischief]
  5299 | D:1      | Gained mutation: Your spells are a little easier to cast,
                  | but a little less powerful. [Xom's mischief]
  5299 | D:1      | Gained mutation: You are very vulnerable to cold. (rC--)
                  | [Xom's mischief]
  5299 | D:1      | Lost mutation: You are very vulnerable to cold. (rC--)
                  | [Xom's mischief]
  5397 | D:1      | XOM is BORED!
  7553 | D:1      | XOM: silly message
  8526 | D:1      | XOM: give mutation
  8526 | D:1      | Gained mutation: You have a pair of small horns on your
                  | head. [Xom's grace]
  8604 | D:1      | XOM: give mutation
  8604 | D:1      | Gained mutation: Your natural rate of healing is unusually
                  | fast. [Xom's grace]
  8639 | D:1      | XOM: give mutations
  8639 | D:1      | Gained mutation: Your muscles are strong. (Str +4, Int/Dex
                  | -1) [Xom's mischief]
  8639 | D:1      | Gained mutation: Your health recovers twice as slowly from
                  | being drained. [Xom's mischief]
  8776 | D:2      | Reached XP level 4. HP: 35/35 MP: 0/0
  8797 | D:2      | XOM: 7-stop teleportation journey
  8871 | D:2      | Noticed Robin
  8875 | D:2      | XOM: 1-stop teleportation journey
  8950 | D:2      | XOM: god gift: smoky clear potion {god gift}
  8988 | D:2      | Killed Robin
  9118 | D:2      | XOM: cast spell 'Olgreb's Toxic Radiance'
  9120 | D:2      | Reached XP level 5. HP: 40/40 MP: 0/0
  9120 | D:2      | Learned a level 2 spell: Jinxbite
  9316 | D:2      | Noticed Sigmund
  9319 | D:2      | XOM: cast spell 'Fugue of the Fallen'
  9338 | D:2      | Killed Sigmund
  9339 | D:2      | Reached skill level 3 in Dodging
  9339 | D:2      | Reached XP level 6. HP: 44/47 MP: 0/0
  9615 | D:3      | XOM: give mutations
  9615 | D:3      | Gained mutation: Your muscles are very strong. (Str +8,
                  | Int/Dex -2) [Xom's grace]
  9615 | D:3      | Gained mutation: You have a pair of horns on your head.
                  | [Xom's grace]
  9615 | D:3      | Lost mutation: Your spells are a little easier to cast, but
                  | a little less powerful. [Xom's grace]
  9615 | D:3      | Gained mutation: You are partially covered in iridescent
                  | scales. (AC +2) [Xom's grace]
  9929 | D:4      | Found a glowing silver altar of Zin.
  9962 | D:4      | Reached XP level 7. HP: 52/52 MP: 0/0
  9962 | D:4      | Learned a level 3 spell: Volatile Blastmotes
 10117 | D:4      | Found Hin Ygg's Armour Shop.
 10120 | D:4      | Bought a +1 cloak for 126 gold pieces
 10148 | D:4      | Found Saon Fekk's Magic Scroll Shoppe.
 10319 | D:4      | Found a staircase to the Ecumenical Temple.
 10351 | D:4      | Found a broken altar of Ashenzari.
 10403 | D:4      | Found Wadu's Magic Scroll Shoppe.
 10449 | D:4      | Saw a vision of the Shoals and the Spider Nest.
 10449 | D:4      | Noticed a wind drake
 10449 | D:4      | Noticed a skyshark
 10449 | D:4      | Noticed a manticore
 10449 | D:4      | Noticed a merfolk avatar
 10449 | D:4      | Noticed a demonic crawler
 10449 | D:4      | Noticed a jumping spider
 10449 | D:4      | Noticed a redback
 10449 | D:4      | Noticed a redback
 10449 | D:4      | Noticed a demonic crawler
 10449 | D:4      | Noticed a spark wasp
 10449 | D:4      | Noticed a jumping spider
 10449 | D:4      | Noticed an orb spider
 10449 | D:4      | Noticed a merfolk
 10450 | D:4      | Noticed a culicivora
 10450 | D:4      | Noticed a spark wasp
 10452 | D:4      | Noticed a torpor snail
 10618 | D:4      | Found a sacrificial altar of Ru.
 10659 | D:5      | Entered Level 5 of the Dungeon
 10729 | D:5      | XOM: confusion
 10899 | D:5      | XOM: give mutations
 10899 | D:5      | Gained mutation: You are mostly covered in iridescent
                  | scales. (AC +4) [Xom's mischief]
 10899 | D:5      | Lost mutation: You are mostly covered in iridescent scales.
                  | (AC +4) [Xom's mischief]
 11017 | D:5      | Reached skill level 4 in Dodging
 11066 | D:5      | XOM: confuse monster(s)
 11108 | D:5      | Noticed Prince Ribbit
 11110 | D:5      | XOM: summons 6 friendly demons
 11110 | D:5      | XOM: smoke on damage
 11113 | D:5      | Reached XP level 8. HP: 52/58 MP: 0/0
 11137 | D:5      | XOM: noise
 11138 | D:5      | XOM: butterfly on damage
 11253 | D:5      | Killed Prince Ribbit
 11717 | D:5      | XOM: draining
 11856 | D:5      | XOM: summons 5 hostile demons
 11991 | D:5      | XOM: cloud trail
 12197 | D:5      | XOM: cloud trail
 12271 | D:5      | Found a blossoming altar of Fedhas.
 12297 | D:5      | Noticed an oklob plant
 12297 | D:5      | XOM: confuse monster(s)
 12536 | D:6      | XOM: silly message
 12568 | D:6      | XOM: potion effect (brilliance)
 12626 | D:6      | Reached skill level 5 in Fighting
 12678 | D:6      | Found an opulent altar of Gozag.
 12754 | D:6      | XOM: divination: magic mapping
 12862 | D:6      | XOM: potion effect (berserk rage)
 12872 | D:6      | Reached skill level 5 in Dodging
 12872 | D:6      | Reached XP level 9. HP: 63/65 MP: 0/0
 12872 | D:6      | Learned a level 3 spell: Hailstorm
 13422 | D:7      | Reached skill level 5 in Spellcasting
 13422 | D:7      | Reached skill level 5 in Conjurations
 13422 | D:7      | Reached skill level 5 in Hexes
 13422 | D:7      | Reached skill level 5 in Summonings
 13422 | D:7      | Reached skill level 5 in Necromancy
 13422 | D:7      | Reached skill level 5 in Translocations
 13422 | D:7      | Reached skill level 5 in Fire Magic
 13422 | D:7      | Reached skill level 5 in Ice Magic
 13422 | D:7      | Reached skill level 5 in Air Magic
 13422 | D:7      | Reached skill level 5 in Earth Magic
 13422 | D:7      | Reached skill level 5 in Alchemy
 13464 | D:7      | Reached skill level 5 in Long Blades
 13473 | D:7      | XOM: silly message
 13478 | D:7      | XOM: cast spell 'Summon Ice Beast'
 13508 | D:7      | XOM: potion effect (might)
 13568 | D:7      | XOM: scenery: 1 doors open, 1 doors close
 13802 | D:7      | XOM: 2-stop teleportation journey
 14049 | D:8      | Reached skill level 5 in Armour
 14094 | D:8      | Noticed Amaemon
 14094 | D:8      | Identified the amulet "Zaliyc" {Reflect Harm rElec rCorr
                  | SH+5} (Xom gifted it to you on level 8 of the Dungeon)
 14094 | D:8      | XOM: god gift: amulet "Zaliyc" {Reflect Harm rElec rCorr
                  | SH+5}
 14107 | D:8      | Reached skill level 6 in Dodging
 14108 | D:8      | Amaemon changed into Amaemon the warg
 14108 | D:8      | Noticed Amaemon
 14108 | D:8      | XOM: polymorph Amaemon -> Amaemon the warg
 14109 | D:8      | Noticed an orange demon
 14109 | D:8      | Killed Amaemon the warg
 14110 | D:8      | Reached XP level 10. HP: 46/72 MP: 0/0
 14123 | D:8      | Killed an orange demon
 14185 | D:8      | Found a shadowy altar of Dithmenos.
 14255 | D:8      | XOM: 2-stop teleportation journey
 14313 | D:8      | Noticed Maggie
 14318 | D:8      | Killed Maggie
 14368 | D:8      | XOM: cleaving
 14427 | D:8      | Found a shimmering altar of Xom.
 14457 | D:8      | Found a stormy altar of Qazlal.
 14646 | D:8      | XOM: god gift: leather armour {god gift}
 14650 | D:8      | Reached skill level 7 in Dodging
 14742 | D:9      | Found an iron altar of Okawaru.
 14754 | D:9      | XOM: god gift: book of Decay
 14779 | D:9      | Found a snail-covered altar of Cheibriados.
 14780 | D:9      | Found a hide-covered altar of Uskayaw.
 14860 | D:9      | XOM: summons 6 hostile demons
 14923 | D:9      | XOM: cloud trail
 15248 | D:9      | Reached XP level 11. HP: 78/78 MP: 0/0
 15248 | D:9      | Learned a level 4 spell: Iskenderun's Mystic Blast
 15649 | D:9      | Noticed Pikel
 15661 | D:9      | Killed Pikel
 15809 | D:10     | Entered Level 10 of the Dungeon
 15856 | D:10     | Reached skill level 1 in Evocations
 15866 | D:10     | XOM: swap monsters
 15867 | D:10     | Found a staircase to the Lair.
 15963 | D:10     | Noticed a manticore
 15963 | D:10     | XOM: 1-stop teleportation journey
 15969 | D:10     | Killed a manticore
 16465 | D:10     | XOM: enchant monster (good)
 16642 | D:10     | XOM: summons 1 hostile demon
 16653 | D:10     | Noticed a deep elf pyromancer
 16653 | D:10     | Noticed a deep elf pyromancer
 16653 | D:10     | Noticed a cyclops
 16653 | D:10     | Noticed a boulder beetle
 16653 | D:10     | Noticed an orc knight
 16653 | D:10     | Noticed a four-headed hydra
 16659 | D:10     | XOM: enchant monster (good)
 16668 | D:10     | XOM: summons friendly shadow imp
 16673 | D:10     | Killed a four-headed hydra
 16674 | D:10     | Reached skill level 8 in Dodging
 16701 | D:10     | XOM: summons friendly crimson imp
 16707 | D:10     | Killed a boulder beetle
 16725 | D:10     | XOM: divination: magic mapping
 16733 | D:10     | XOM: smoke on damage
 16761 | D:10     | XOM: cast spell 'Alistair's Intoxication'
 16779 | D:10     | Killed an orc knight
 16787 | D:11     | Noticed Snorg
 16789 | D:11     | Snorg changed into Snorg the golden eye
 16789 | D:11     | Noticed Snorg
 16789 | D:11     | XOM: polymorph Snorg -> Snorg the golden eye
 16803 | D:10     | Killed a deep elf pyromancer
 16915 | D:10     | Noticed a tengu warrior
 16916 | D:10     | Noticed a tengu warrior
 16929 | D:10     | Killed a tengu warrior
 16930 | D:10     | Reached XP level 12. HP: 86/86 MP: 0/0
 16963 | D:10     | XOM: summons friendly ufetubus
 16968 | D:10     | Killed a tengu warrior
 17266 | D:10     | Noticed a six-headed hydra
 17274 | D:10     | Killed a six-headed hydra
 17280 | D:10     | XOM: divination: magic mapping
 17406 | D:11     | XOM: confuse monster(s)
 17408 | D:11     | XOM: 1-stop teleportation journey
 17422 | D:11     | XOM: 1-stop teleportation journey
 17424 | D:11     | XOM: swap monsters
 17426 | D:11     | XOM: enchant monster (good)
 17429 | D:11     | XOM: stat loss: -1 Str (18/19)
 17431 | D:11     | XOM: polymorph yak -> slime creature
 17433 | D:11     | XOM: fake destruction
 17434 | D:11     | XOM: chaos cloud
 17476 | D:11     | XOM: swap monsters
 17613 | D:11     | Reached skill level 9 in Dodging
 17639 | D:11     | You are sucked into a shaft and drop 2 floors!
 17833 | D:12     | XOM: scenery: 1 doors open
 17908 | D:12     | Found a frozen archway.
 17914 | IceCv    | Entered an ice cave
 18216 | IceCv    | Engulfed by an ice statue's freezing vapour

Illustrated notes

Levels and vault maps discovered:
D:1:      mushboom_english_gardens, layout_basic, minmay_cut_off
D:2:      layout_basic, uniq_sigmund, uniq_robin
D:3:      layout_rooms, nicolae_sif_muna_condensation
D:4:      layout_basic, mainiacjoe_overflow_concentric_impassable,
          nicolae_ru_path_of_blood, grunt_ashenzari_visionary
          [grunt_ashenzari_visionary_shoals, grunt_ashenzari_visionary_spider],
          temple_green, serial_shops, nicolae_shop_rolled_up,
          nicolae_shop_tiny_glass, kennysheep_mini, serial_glass,
          glass_columns_c, glass_columns_a
D:5:      layout_layer_cave, mainiacjoe_overflow_paths, tgw_fedhas,
          uniq_prince_ribbit1
D:6:      layout_loops_ring, mainiacjoe_overflow_boulevard, serial_undead,
          serial_undead_e, serial_undead_f, serial_undead_c, serial_undead_d
D:7:      layout_basic
D:8:      layout_basic, nicolae_overflow_hidden_temple, kennysheep_mini_moat,
          general_overflow_altar, uniq_amaemon, uniq_maggie
D:9:      layout_basic, minitemple, okawaru_gym_becter, dk_rats_in_the_wall,
          uniq_pikel
D:10:     minmay_shrinking_squares, layout_basic, due_lair_maze_entry_diamond,
          kennysheep_generic_room_8
D:11:     layout_cave_pools, uniq_snorg
D:12:     layout_irregular_city, david_orc_4, portal_ice_cave_entry_pillars_2,
          grunt_decor_cap, vehumet_altar_wand_db
D:13:     layout_stronghold, gammafunk_ghost_grave, gauntlet_entry_generic
IceCv:    ice_cave_small_demon

Skill      XL: |  1  2  3  4  5  6  7  8  9 10 11 12 |
---------------+-------------------------------------+-----
Spellcasting   | 1 2 3 4 5 7 8 |  8.8
Conjurations   | 1 2 3 4 5 7 8 |  8.8
Hexes          | 1 2 3 4 5 7 8 |  8.8
Summonings     | 1 2 3 4 5 7 8 |  8.8
Necromancy     | 1 2 3 4 5 7 8 |  8.8
Translocations | 1 2 3 4 5 7 8 |  8.8
Fire Magic     | 1 2 3 4 5 7 8 |  8.8
Ice Magic      | 1 2 3 4 5 7 8 |  8.8
Air Magic      | 1 2 3 4 5 7 8 |  8.8
Earth Magic    | 1 2 3 4 5 7 8 |  8.8
Alchemy        | 1 2 3 4 5 7 8 |  8.8
Long Blades    | 3 4 5 6 7 |  7.9
Armour         | 2 3 4 5 6 7 8 |  8.1
Dodging        | 3 4 5 6 7 8 9 |  9.1
Fighting       | 4 5 6 8 |  8.6
Evocations     | 3 4 |  4.4

Action                     |  1- 3 |  4- 6 |  7- 9 | 10-12 || total
---------------------------+-------+-------+-------+-------++-------
  Melee: Falchion          |    54 |   133 |   321 |   220 ||   728
         Headbutt          |     1 |    26 |    62 |    61 ||   150
   Cast: Volatile Blastmot |       |       |     3 |    37 ||    40
         Jinxbite          |       |       |     2 |       ||     2
         Hailstorm         |       |       |     6 |    49 ||    55
         Iskenderun's Myst |       |       |       |    36 ||    36
  Evoke: Wand              |       |       |       |     1 ||     1
    Use: Scroll            |     1 |       |    11 |     2 ||    14
         Potion            |       |       |       |     1 ||     1
   Stab: Sleeping          |     2 |       |       |     2 ||     4
         Confused          |       |       |     1 |       ||     1
         Paralysed         |       |       |       |     3 ||     3
 Armour: Leather armour    |    53 |   103 |   277 |    16 ||   449
         Acid dragon scale |       |       |       |   152 ||   152
         Steam dragon scal |       |       |       |    11 ||    11
  Dodge: Dodged            |    48 |    75 |   232 |   142 ||   497
  Block: Other             |       |       |       |    36 ||    36
         Reflection        |       |       |       |     3 ||     3
         Buckler           |       |       |       |    20 ||    20

Table legend: (Time is in decaauts)
 A = Elapsed time spent in this place.
 B = Non-inter-level travel time spent in this place.
 C = Inter-level travel time spent in this place.
 D = Time resting spent in this place.
 E = Time spent auto-exploring this place.
 F = Levels seen in this place.
 G = Mean time per level.
                   A        B        C        D        E       F      G
               +--------+--------+--------+--------+--------+-----+--------+
         Total |  18272 |  17902 |    370 |   8835 |   6815 |  14 | 1305.1 |
       Dungeon |  17972 |  17602 |    370 |   8635 |   6805 |  13 | 1382.5 |
      Ice Cave |    300 |    300 |      0 |    200 |     10 |   1 |  300.0 |
               +--------+--------+--------+--------+--------+-----+--------+

Top non-repeatable levels by time:
     D:1: 8734 daAuts
     D:5: 1869 daAuts
    D:10: 1667 daAuts
     D:9: 1067 daAuts
     D:6: 867 daAuts
     D:2: 769 daAuts
     D:4: 756 daAuts
     D:8: 722 daAuts
     D:7: 649 daAuts
     D:3: 431 daAuts
   IceCv: 300 daAuts
    D:12: 271 daAuts
    D:11: 161 daAuts
    D:13: 4 daAuts
